TOP OF THE 1ST |
Tri-City Dust Devils batting - Pitching for Boise Hawks : LHP John Mandarino
|
Pitching: LHP John Mandarino
|
|
Batting: RHB Ruben Luis
|
0-0: Ground out 6-3 (Groundball, 6, EV 79.4 MPH)
|
Batting: RHB Jeremy Mercer
|
0-0: Foul Ball, location: 2F 0-1: Ball 1-1: Ball 2-1: Foul Ball, location: 2F 2-2: Strikes out swinging
|
Batting: RHB Hector Fernandez
|
0-0: Fly out, F8 (Flyball, 78D, EV 86.9 MPH)
|
Top of the 1st over - 0 runs, 0 hits, 0 errors, 0 left on base; Tri-City 0 - Boise 0 |
BOTTOM OF THE 1ST |
Boise Hawks batting - Pitching for Tri-City Dust Devils : RHP Jared Van Heel
|
Pitching: RHP Jared Van Heel
|
|
Batting: RHB Elias Urbina
|
0-0: Ground out 6-3 (Groundball, 6S, EV 80.0 MPH)
|
Batting: LHB Glenn Lowther
|
0-0: Ball 1-0: Ball 2-0: Reached on error, E6 (Groundball, 6, EV 94.4 MPH)
|
Batting: LHB Greg Valenzuela
|
0-0: Called Strike Glenn Lowther steals 2nd base 0-1: Ball 1-1: Ball 2-1: Foul Ball, location: 2F 2-2: SINGLE (Groundball, 4MD, EV 97.5 MPH) Glenn Lowther to third Runner from 3rd tries for Home, throw by CF and OUT! 8-2
|
Batting: SHB Bobby Santor
|
0-0: Called Strike Greg Valenzuela steals 2nd base (no throw) 0-1: Fly out, F8 (Flyball, 8RS, EV 81.2 MPH)
|
Bottom of the 1st over - 0 runs, 1 hit, 1 error, 1 left on base; Tri-City 0 - Boise 0 |
TOP OF THE 2ND |
Tri-City Dust Devils batting - Pitching for Boise Hawks : LHP John Mandarino
|
Batting: RHB Joe Weissman
|
0-0: Ball 1-0: Swinging Strike 1-1: Called Strike 1-2: Strikes out swinging
|
Batting: RHB Jaden Scott
|
0-0: Called Strike 0-1: SINGLE (Groundball, 56S, EV 68.1 MPH) (infield hit)
|
Batting: RHB Bryan Pitcher
|
0-0: Called Strike 0-1: Called Strike Jaden Scott is caught stealing 2nd base 2-4 0-2: Ground out U3 (Groundball, 3, EV 86.2 MPH)
|
Top of the 2nd over - 0 runs, 1 hit, 0 errors, 0 left on base; Tri-City 0 - Boise 0 |
BOTTOM OF THE 2ND |
Boise Hawks batting - Pitching for Tri-City Dust Devils : RHP Jared Van Heel
|
Batting: RHB Eric Delgado
|
0-0: Ball 1-0: Called Strike 1-1: DOUBLE (Line Drive, 3D, EV 97.5 MPH)
|
Batting: RHB John Stevenson
|
0-0: Called Strike 0-1: SINGLE (Groundball, 5S, EV 63.8 MPH) (infield hit) Eric Delgado to third
|
Batting: LHB Zane Kelton
|
0-0: Ball 1-0: Ball 2-0: Fly out, F5 (Line Drive, 5, EV 74.4 MPH)
|
Batting: LHB Mike Clark
|
0-0: Ball 1-0: Ball 2-0: Fly out, F9 (Flyball, 9, EV 93.1 MPH) Runner from 3rd tags up, SCORES, no throw by RF
|
Batting: RHB Matt Cone
|
0-0: Called Strike 0-1: Foul Ball, location: 2F 0-2: Foul Ball, location: 2F 0-2: Strikes out swinging
|
Bottom of the 2nd over - 1 run, 2 hits, 0 errors, 1 left on base; Tri-City 0 - Boise 1 |
TOP OF THE 3RD |
Tri-City Dust Devils batting - Pitching for Boise Hawks : LHP John Mandarino
|
Batting: LHB Roger Duque
|
0-0: Ball 1-0: Called Strike 1-1: Called Strike 1-2: Foul Ball, location: 2F 1-2: Ground out 3-1 (Groundball, 34, EV 96.9 MPH)
|
Batting: LHB Paul Adams
|
0-0: Called Strike 0-1: Ball 1-1: Ball 2-1: Ball 3-1: Ground out 6-3 (Groundball, 6, EV 105.0 MPH)
|
Batting: SHB Ryan Brown
|
0-0: Called Strike 0-1: Ball 1-1: Foul Ball, location: 2F 1-2: Ball 2-2: Strikes out swinging, 2-3 out at first.
|
Top of the 3rd over - 0 runs, 0 hits, 0 errors, 0 left on base; Tri-City 0 - Boise 1 |
BOTTOM OF THE 3RD |
Boise Hawks batting - Pitching for Tri-City Dust Devils : RHP Jared Van Heel
|
Batting: RHB Elias Urbina
|
0-0: Ball 1-0: Ball 2-0: Ball 3-0: Called Strike 3-1: Called Strike 3-2: Foul Ball, location: 2F 3-2: Foul Ball, location: 2F 3-2: DOUBLE (Line Drive, 7LS, EV 98.1 MPH)
|
Batting: LHB Glenn Lowther
|
0-0: Swinging Strike 0-1: Ball 1-1: Swinging Strike 1-2: Foul Ball, location: 2F 1-2: Ball 2-2: Ball 3-2: Strikes out looking
|
Batting: LHB Greg Valenzuela
|
0-0: Ball Wild Pitch! Elias Urbina to third 1-0: Foul Ball, location: 2F 1-1: Ball 2-1: Fly out, F7 (Flyball, 7D, EV 106.9 MPH)
|
Batting: SHB Bobby Santor
|
0-0: Ball 1-0: Foul Ball, location: 2F 1-1: Ball 2-1: Called Strike 2-2: Ball 3-2: Foul Ball, location: 2F 3-2: Ground out 4-3 (Groundball, 4, EV 85.0 MPH)
|
Bottom of the 3rd over - 0 runs, 1 hit, 0 errors, 1 left on base; Tri-City 0 - Boise 1 |
TOP OF THE 4TH |
Tri-City Dust Devils batting - Pitching for Boise Hawks : LHP John Mandarino
|
Batting: RHB Ruben Luis
|
0-0: Ground out 3-1 (Groundball, 34, EV 86.9 MPH)
|
Batting: RHB Jeremy Mercer
|
0-0: Ball 1-0: SINGLE (Flyball, 9LS, EV 93.8 MPH)
|
Batting: RHB Hector Fernandez
|
0-0: Ball Jeremy Mercer steals 2nd base 1-0: Ball 2-0: Foul Ball, location: 2F 2-1: Swinging Strike 2-2: SINGLE (Flyball, 78S, EV 95.0 MPH) Jeremy Mercer to third Runner from 3rd tries for Home, SAFE, throw by CF to home
|
Batting: RHB Joe Weissman
|
0-0: Ball 1-0: Swinging Strike 1-1: Called Strike 1-2: Ball 2-2: Ball 3-2: Fly out, F5 (Line Drive, 5, EV 69.4 MPH) Lined into DP, 5-3 (Line Drive, 5, EV 60.6 MPH)
|
Top of the 4th over - 1 run, 2 hits, 0 errors, 0 left on base; Tri-City 1 - Boise 1 |
BOTTOM OF THE 4TH |
Boise Hawks batting - Pitching for Tri-City Dust Devils : RHP Jared Van Heel
|
Batting: RHB Eric Delgado
|
0-0: Called Strike 0-1: Fly out, F6 (Popup, 4S, EV 82.5 MPH)
|
Batting: RHB John Stevenson
|
0-0: Ball 1-0: Swinging Strike 1-1: Fly out, F6 (Line Drive, 6, EV 67.5 MPH)
|
Batting: LHB Zane Kelton
|
0-0: Swinging Strike 0-1: Ball 1-1: DOUBLE (Groundball, 3L, EV 101.9 MPH)
|
Batting: LHB Mike Clark
|
0-0: Ball Wild Pitch! Zane Kelton to third 1-0: Ball 2-0: Called Strike 2-1: Ground out U3 (Groundball, 3S, EV 82.5 MPH)
|
Bottom of the 4th over - 0 runs, 1 hit, 0 errors, 1 left on base; Tri-City 1 - Boise 1 |
TOP OF THE 5TH |
Tri-City Dust Devils batting - Pitching for Boise Hawks : LHP John Mandarino
|
Batting: RHB Jaden Scott
|
0-0: Ground out 6-3 (Groundball, 6, EV 76.2 MPH)
|
Batting: RHB Bryan Pitcher
|
0-0: Swinging Strike 0-1: Called Strike 0-2: Ball 1-2: Strikes out swinging, 2-3 out at first.
|
Batting: LHB Roger Duque
|
0-0: Called Strike 0-1: Ground out 5-3 (Groundball, 5, EV 88.1 MPH)
|
Top of the 5th over - 0 runs, 0 hits, 0 errors, 0 left on base; Tri-City 1 - Boise 1 |
BOTTOM OF THE 5TH |
Boise Hawks batting - Pitching for Tri-City Dust Devils : RHP Jared Van Heel
|
Batting: RHB Matt Cone
|
0-0: Called Strike 0-1: Fly out, F7 (Line Drive, 7S, EV 93.1 MPH)
|
Batting: RHB Elias Urbina
|
0-0: SINGLE (Groundball, 15S, EV 70.6 MPH) (infield hit)
|
Batting: LHB Glenn Lowther
|
0-0: Ball Elias Urbina steals 2nd base 1-0: Foul Ball, location: 2F 1-1: Ball 2-1: Called Strike Elias Urbina steals 3rd base 2-2: Ball 3-2: SINGLE (Groundball, 6, EV 82.5 MPH) (infield hit) Elias Urbina scores
|
Batting: LHB Greg Valenzuela
|
0-0: Ball Glenn Lowther steals 2nd, throwing error, E2 Glenn Lowther to third 1-0: Ball 2-0: TRIPLE (Line Drive, 78XD, EV 98.8 MPH) Glenn Lowther scores
|
Batting: SHB Bobby Santor
|
0-0: Ball 1-0: Ball 2-0: Called Strike 2-1: Ball 3-1: Base on Balls
|
Batting: RHB Eric Delgado
|
0-0: Ball 1-0: Ball 2-0: Called Strike Bobby Santor steals 2nd base 2-1: Ball 3-1: SINGLE (Groundball, 6M, EV 101.9 MPH) Greg Valenzuela scores Bobby Santor to third Runner from 3rd tries for Home, SAFE, throw by CF to home
|
Pitching: RHP Ezra Wunderly
|
|
Batting: RHB John Stevenson
|
0-0: Ball 1-0: Called Strike 1-1: Ball 2-1: Called Strike 2-2: Strikes out swinging
|
Batting: LHB Zane Kelton
|
0-0: Ball 1-0: Ball Eric Delgado steals 2nd base 2-0: Called Strike 2-1: Called Strike 2-2: Strikes out looking
|
Bottom of the 5th over - 4 runs, 4 hits, 1 error, 1 left on base; Tri-City 1 - Boise 5 |
TOP OF THE 6TH |
Tri-City Dust Devils batting - Pitching for Boise Hawks : LHP John Mandarino
|
Batting: LHB Paul Adams
|
0-0: Foul Ball, location: 2F 0-1: Ground out 3-1 (Groundball, 34, EV 78.8 MPH)
|
Batting: SHB Ryan Brown
|
0-0: Ball 1-0: Called Strike 1-1: Called Strike 1-2: Ground out 6-3 (Groundball, 6, EV 80.0 MPH)
|
Batting: RHB Ruben Luis
|
0-0: Foul Ball, location: 2F 0-1: TRIPLE (Flyball, 9D, EV 91.9 MPH)
|
Batting: RHB Jeremy Mercer
|
0-0: Ball 1-0: Ball 2-0: Foul Ball, location: 2F 2-1: Ball 3-1: Called Strike 3-2: Base on Balls
|
Batting: RHB Hector Fernandez
|
0-0: Ball Wild Pitch! Ruben Luis scores Jeremy Mercer to second 1-0: Ground out 6-3 (Groundball, 6, EV 82.5 MPH)
|
Top of the 6th over - 1 run, 1 hit, 0 errors, 1 left on base; Tri-City 2 - Boise 5 |
BOTTOM OF THE 6TH |
Boise Hawks batting - Pitching for Tri-City Dust Devils : RHP Ezra Wunderly
|
Batting: LHB Mike Clark
|
0-0: Ground out 5-3 (Groundball, 5, EV 104.4 MPH)
|
Batting: RHB Matt Cone
|
0-0: Ground out 6-3 (Groundball, 6, EV 81.2 MPH)
|
Batting: RHB Elias Urbina
|
0-0: Called Strike 0-1: Ball 1-1: Swinging Strike 1-2: Ground out 4-3 (Groundball, 4, EV 105.0 MPH)
|
Bottom of the 6th over - 0 runs, 0 hits, 0 errors, 0 left on base; Tri-City 2 - Boise 5 |
TOP OF THE 7TH |
Tri-City Dust Devils batting - Pitching for Boise Hawks : LHP John Mandarino
|
Batting: RHB Joe Weissman
|
0-0: Called Strike 0-1: Called Strike 0-2: Ball 1-2: Foul Ball, location: 2F 1-2: Ball 2-2: Ball 3-2: Ground out 4-3 (Groundball, 4, EV 105.0 MPH)
|
Pitching: LHP Juan Vargas
|
|
Batting: RHB Jaden Scott
|
0-0: SINGLE (Flyball, 3D, EV 93.8 MPH)
|
Batting: RHB Bryan Pitcher
|
0-0: Called Strike Jaden Scott is caught stealing 2nd base 2-4 0-1: Swinging Strike 0-2: Strikes out looking
|
Top of the 7th over - 0 runs, 1 hit, 0 errors, 0 left on base; Tri-City 2 - Boise 5 |
BOTTOM OF THE 7TH |
Boise Hawks batting - Pitching for Tri-City Dust Devils : RHP Ezra Wunderly
|
Pitching: LHP Ruben Nunez
|
|
Batting: LHB Glenn Lowther
|
0-0: Called Strike 0-1: Ball 1-1: Ball 2-1: Ball 3-1: Ground out 4-3 (Groundball, 34, EV 79.4 MPH)
|
Batting: LHB Greg Valenzuela
|
0-0: Foul Ball, location: 2F 0-1: Foul Ball, location: 2F 0-2: Ball 1-2: Ball 2-2: Foul Ball, location: 2F 2-2: Foul Ball, location: 2F 2-2: Ball 3-2: Foul Ball, location: 2F 3-2: Ground out 6-3 (Groundball, 6, EV 100.0 MPH)
|
Batting: SHB Bobby Santor
|
0-0: Ground out 6-3 (Groundball, 6, EV 88.8 MPH)
|
Bottom of the 7th over - 0 runs, 0 hits, 0 errors, 0 left on base; Tri-City 2 - Boise 5 |
TOP OF THE 8TH |
Tri-City Dust Devils batting - Pitching for Boise Hawks : LHP Juan Vargas
|
Batting: LHB Roger Duque
|
0-0: Called Strike 0-1: Ball 1-1: Ground out 6-3 (Groundball, 6, EV 83.8 MPH)
|
Pinch Hitting: RHB Derrick Abrams
|
0-0: Called Strike 0-1: Fly out, F7 (Line Drive, 7, EV 85.6 MPH)
|
Batting: SHB Ryan Brown
|
0-0: Called Strike 0-1: Ball 1-1: Swinging Strike 1-2: Ball 2-2: Ball 3-2: Fly out, F9 (Flyball, 89M, EV 88.1 MPH)
|
Top of the 8th over - 0 runs, 0 hits, 0 errors, 0 left on base; Tri-City 2 - Boise 5 |
BOTTOM OF THE 8TH |
Boise Hawks batting - Pitching for Tri-City Dust Devils : LHP Ruben Nunez
|
Now at 1B: Frank McConnell
|
|
Batting: RHB Eric Delgado
|
0-0: Foul Ball, location: 2F 0-1: Foul Ball, location: 2F 0-2: Ball 1-2: Foul Ball, location: 2F 1-2: Ball 2-2: Ground out 4-3 (Groundball, 4, EV 87.5 MPH)
|
Batting: RHB John Stevenson
|
0-0: Ball 1-0: Called Strike 1-1: Foul Ball, location: 2F 1-2: Strikes out looking
|
Batting: LHB Zane Kelton
|
0-0: Ball 1-0: Foul Ball, location: 2F 1-1: Fly out, F8 (Line Drive, 8RM, EV 93.8 MPH)
|
Bottom of the 8th over - 0 runs, 0 hits, 0 errors, 0 left on base; Tri-City 2 - Boise 5 |
TOP OF THE 9TH |
Tri-City Dust Devils batting - Pitching for Boise Hawks : LHP Juan Vargas
|
Pitching: RHP Mitch Guerrero
|
|
Batting: RHB Ruben Luis
|
0-0: Ball 1-0: Ball 2-0: Called Strike 2-1: Foul Ball, location: 2F 2-2: Ball 3-2: Ground out U3 (Groundball, 34, EV 88.8 MPH)
|
Batting: RHB Jeremy Mercer
|
0-0: Ball 1-0: Called Strike 1-1: Called Strike 1-2: Strikes out swinging
|
Batting: RHB Hector Fernandez
|
0-0: Ball 1-0: Reached on error, E4 (Groundball, 4, EV 87.5 MPH)
|
Batting: RHB Joe Weissman
|
0-0: Called Strike 0-1: Foul Ball, location: 2F 0-2: Strikes out swinging
|
Top of the 9th over - 0 runs, 0 hits, 1 error, 1 left on base; Tri-City 2 - Boise 5 |
|